 Dungeon Crawl Stone Soup version 0.29.1-4-g47bece8355 (webtiles) character file.

Game seed: 2558516378795448395

241185 warriortoast the Marksspriggan (level 18, -15/95 HPs)
             Began as a Spriggan Hunter on Dec 6, 2022.
             Was the Champion of Fedhas.
             Demolished by a +0 war axe of electrocution (17 damage)
             ... on level 2 of the Orcish Mines.
             The game lasted 02:19:16 (47872 turns).

warriortoast the Marksspriggan (Spriggan Hunter)   Turns: 47872, Time: 02:19:23

Health: -15/95     AC:  5    Str:  7    XL:     18   Next: 64%
Magic:  35/38      EV: 38    Int: 12    God:    Fedhas [******]
Gold:   4092       SH:  5    Dex: 29    Spells: 23/47 levels left

rFire   + . .      SeeInvis +   P - +9 arbalest (venom)
rCold   . . .      Faith    .   (shield currently unavailable)
rNeg    + + .      Spirit   .   C - +2 robe {rN+}
rPois   +          Reflect  +   n - +0 hat
rElec   .          Harm     .   K - scarf {repulsion}
rCorr   .          Rampage  .   (gloves unavailable)
Will    +++..                   (boots unavailable)
Stlth   +++++++...              O - amulet of Wuetzem {Reflect rN+ Regen+ Dex+4 SH+5}
HPRegen 1.05/turn               t - ring of poison resistance
MPRegen 0.26/turn               y - ring of protection from fire

@: repel missiles, very quick
A: very small, no large weapons, unfitting armour, see invisible, speed 3,
hooves 1, shaggy fur 1
}: 2/15 runes: decaying, gossamer
a: Renounce Religion, Wall of Briars, Grow Ballistomycete, Overgrow, Grow Oklob


You were on level 2 of the Orcish Mines.
You worshipped Fedhas.
Fedhas was exalted by your worship.
You visited 7 branches of the dungeon, and saw 32 of its levels.
You also visited: Ossuary and Volcano.

You collected 5343 gold pieces.
You spent 1251 gold pieces at shops.

Inventory:

Hand Weapons
 a - a +1 shortbow of chaos
 v - the +2 rapier of the Countless Wishes {flame, rC+ Str+3}
   (You found it on level 4 of the Swamp)

   It burns those it strikes, dealing additional fire damage.
   Str:       It affects your strength (+3).
   rC:        It protects you from cold.
 B - the +5 short sword of Jaquxku {spect, rElec Will+}
   (You found it on level 8 of the Dungeon)

   When its wielder attacks, the weapon's spirit leaps out and strikes again.
   The spirit shares a part of any damage it takes with its wielder.
   rElec:     It insulates you from electricity.
   Will:      It increases your willpower.
 P - a +9 arbalest of venom (weapon)
Missiles
 m - a throwing net
Armour
 c - a +0 robe
 d - a +2 cloak
 n - a +0 hat (worn)
 w - a scarf of harm
 A - +3 storm dragon scales {Bai Suzhen}
 C - a +2 robe of positive energy (worn)
 K - a scarf of repulsion (worn)
 L - a +2 robe of cold resistance
Jewellery
 t - a ring of poison resistance (left hand)
 y - a ring of protection from fire (right hand)
 O - the amulet of Wuetzem (around neck) {Reflect rN+ Regen+ Dex+4 SH+5}
   (You bought it in a shop on level 2 of the Orcish Mines)

   [amulet of reflection]

   It reflects blocked missile attacks.
   Dex:       It affects your dexterity (+4).
   rN:        It protects you from negative energy.
   Regen:     It increases your rate of health regeneration.
   SH:        It affects your SH (+5).
Wands
 e - a wand of charming (21)
 f - a wand of mindburst (10)
 h - a wand of iceblast (23)
 x - a wand of digging (4)
 E - a wand of polymorph (2)
 J - a wand of flame (24)
Scrolls
 b - 5 scrolls of immolation
 i - 6 scrolls of magic mapping
 l - 20 scrolls of identify
 o - 7 scrolls of poison
 q - 5 scrolls of butterflies
 z - 16 scrolls of teleportation
 G - 3 scrolls of fear
 I - 5 scrolls of enchant armour
 N - 2 scrolls of silence
 Q - 2 scrolls of amnesia
 U - 4 scrolls of summoning
Potions
 g - 12 potions of brilliance
 j - 9 potions of cancellation
 k - 11 potions of haste
 p - a potion of magic {unknown}
 r - 8 potions of might
 s - a potion of invisibility
 u - 3 potions of heal wounds
 D - 6 potions of flight
 F - 2 potions of berserk rage
 H - 6 potions of curing
 M - 4 potions of ambrosia
 S - 4 potions of resistance
 W - 5 potions of attraction
Miscellaneous
 R - a phantom mirror


   Skills:
 + Level 10.8 Fighting
 - Level 18.0 Ranged Weapons
 + Level 16.1 Dodging
 + Level 16.6 Stealth
 - Level 15.0 Spellcasting
 + Level 16.0 Hexes
 - Level 5.0 Air Magic
 + Level 11.1 Invocations
 - Level 6.0 Evocations


You had 23 spell levels left.
You knew the following spells:

 Your Spells              Type           Power      Damage    Failure   Level
a - Cause Fear            Hex            23%        N/A       1%          4
b - Silence               Hex/Air        17%        N/A       2%          5
c - Enfeeble              Hex            23%        N/A       9%          7
d - Discord               Hex            23%        N/A       54%         8

Your spell library contained the following spells:

 Spells                   Type           Power      Damage    Failure   Level
 Ensorcelled Hibernation  Hex/Ice        56%        N/A       1%          2
 Confusing Touch          Hex            47%        N/A       1%          3
 Dazzling Flash           Conj/Hex       56%        N/A       1%          3
 Inner Flame              Hex/Fire       28%        N/A       1%          3
 Anguish                  Hex/Necr       14%        N/A       2%          4
 Fulminant Prism          Conj/Hex       14%        3d9       2%          4
 Static Discharge         Conj/Air       15%        3-5/arc   3%          2
 Apportation              Tloc           18%        N/A       7%          1
 Foxfire                  Conj/Fire      36%        2x1d5     7%          1
 Necrotise                Necr           36%        1d5       7%          1
 Summon Small Mammal      Summ           36%        N/A       7%          1
 Metabolic Englaciation   Hex/Ice        14%        N/A       8%          5
 Yara's Violent Unravell  Hex/Tmut       14%        3d7       8%          5
 Conjure Flame            Conj/Fire      9%         6-21      22%         3
 Gell's Gravitas          Tloc           9%         N/A       22%         3
 Ozocubu's Armour         Ice            9%         N/A       22%         3
 Spider Form              Tmut/Pois      9%         N/A       22%         3
 Teleport Other           Tloc           9%         N/A       22%         3
 Animate Armour           Summ/Erth      18%        N/A       56%         4
 Animate Dead             Necr           9%         N/A       56%         4
 Flame Wave               Conj/Fire      9%         2d6       56%         4
 Iskenderun's Mystic Bla  Conj/Tloc      9%         2d4       56%         4
 Olgreb's Toxic Radiance  Pois           9%         N/A       56%         4
 Lightning Bolt           Conj/Air       7%         1d20      56%         5
 Agony                    Necr           9%         N/A       89%         5
 Alistair's Intoxication  Tmut/Pois      6%         N/A       89%         5
 Blade Hands              Tmut           4%         N/A       89%         5
 Fireball                 Conj/Fire      4%         3d4       89%         5
 Lee's Rapid Deconstruct  Erth           4%         3d6*      89%         5
 Conjure Ball Lightning   Conj/Air       7%         3x3d6     98%         6
 Dispersal                Tloc           4%         N/A       100%        6
 Iron Shot                Conj/Erth      4%         9d2       100%        6
 Simulacrum               Ice/Necr       4%         N/A       100%        6
 Starburst                Conj/Fire      4%         6d4       100%        6
 Dragon Form              Tmut           4%         N/A       100%        7
 Haunt                    Necr/Summ      4%         N/A       100%        7
 Ozocubu's Refrigeration  Ice            4%         4d8       100%        7
 Disjunction              Tloc           4%         N/A       100%        8
 Ignition                 Fire           4%         3d4       100%        8
 Infestation              Necr           4%         N/A       100%        8
 Maxwell's Capacitive Co  Air            10%        ∞         100%        8
 Dragon's Call            Summ           4%         N/A       100%        9


Dungeon Overview and Level Annotations

Branches:
Dungeon (15/15)            Temple (1/1) D:7            Lair (5/5) D:9
  Swamp (4/4) Lair:2       Spider (4/4) Lair:3        Slime (0/5) Lair:4
    Orc (2/2) D:11            Elf (1/3) Orc:2        Vaults (0/5) D:13
 Depths (0/4) D:15        Ossuary (visited)         Volcano (visited)

Altars:
Ashenzari
Cheibriados
Dithmenos
Elyvilon
Fedhas
Gozag
Kikubaaqudgha
Makhleb
Nemelex Xobeh
Okawaru
Qazlal
Ru
Sif Muna
Trog
Uskayaw
Vehumet
Wu Jian
Yredelemnul
Zin
The Shining One
Jiyva
Lugonu

Shops:
D:2 ?*   Orc:2 [=?(

Portals:
Abyss: Lair:5

Annotations:
D:4 exclusion: door
Temple 2 transporters


Innate Abilities, Weirdness & Mutations

You are very small and have problems with some larger weapons.
You are too small for most types of armour.
You have supernaturally acute eyesight. (SInv)
You cover ground extremely quickly. (Speed+++)
You have large cloven feet.
You are covered in fur. (AC +1)


Message History

You shoot a bolt. The bolt hits the deep elf pyromancer!!
The deep elf pyromancer looks as sick as possible!
The deep elf pyromancer is heavily wounded.
You shoot a bolt. The bolt hits the deep elf pyromancer!!
You kill the deep elf pyromancer!
Fedhas appreciates your contribution to the ecosystem.
A +0 war axe of electrocution comes into view.
The deep elf zephyrmancer gestures at you while chanting.
The bolt of lightning misses you.
You shoot a bolt.
The bolt hits the deep elf zephyrmancer!
The deep elf zephyrmancer is moderately wounded.
The deep elf zephyrmancer gestures wildly while chanting.
The deep elf zephyrmancer blinks!
You shoot a bolt.
The bolt hits the deep elf zephyrmancer!!!
You kill the deep elf zephyrmancer!
Fedhas appreciates your contribution to the ecosystem.
You shoot a bolt.
The bolt hits the +0 war axe of electrocution.
The +0 war axe of electrocution is moderately damaged.
The deep elf zephyrmancer mumbles some strange words.
The deep elf zephyrmancer blinks!
The deep elf zephyrmancer casts a spell at you.
The bolt of lightning hits you!!!
The +0 war axe of electrocution completely misses you.
The deep elf zephyrmancer gestures at you while chanting.
The bolt of lightning hits you!!
* * * LOW HITPOINT WARNING * * *
You climb upwards.
Welcome back to the Orcish Mines!
There is a staircase to the Elven Halls here.
A briar patch grows up from the ground. x7
The +0 war axe of electrocution completely misses you.
The +0 war axe of electrocution hits your briar patch but does no damage.
The +0 war axe of electrocution hits your briar patch!
The +0 war axe of electrocution hits you!
* * * LOW HITPOINT WARNING * * *
You are electrocuted!
You die...
Fedhas appreciates your contribution to the ecosystem.

.........##......[[.........##
..##..)..#.........#.........##
..##...............#..........##
)####................##........#
.##.##...........[....#.......##
)....#..).........##.##........#
..)..#...........#####[....##.##
...........#...PP(##[[.....####
..)........#...P@P..)<....##
...........#...PPP..[.....#
..........###............##
........##.###..........##
...)).......###.#.......#
###.##.....###..........#
##.#####.###.#.........### ##..#
####............#.# #...#
##.............####


You could see a +0 war axe of electrocution (ally target).

Vanquished Creatures
  Mara (Spider:4)
  the Lernaean hydra (Swamp:4)
  Bai Suzhen (Spider:3)
  Jorgrun (D:12)
  Mlioglotl (Spider:2)
  Asterion (Spider:4)
  Kirke (Spider:2)
  Agnes (Spider:2)
  Donald (Spider:3)
  An orc warlord (Orc:2)
  3 emperor scorpions
  5 ghost moths
  Louise (D:14)
  A stone giant (D:15)
  3 broodmothers
  3 eleionomae
  Nessos (D:14)
  An entropy weaver (Spider:2)
  2 bunyips
  3 spark wasps
  An ettin (D:13)
  Erolcha (D:11)
  26 hydras
  A jorogumo (Spider:4)
  3 catoblepae
  The ghost of llahlahkje the Basher, a journeyman DsFi of Ashenzari (Lair:1)
  A ghost crab (Swamp:1)
  5 boulder beetles
  3 centaur warriors (D:13)
  5 ogre magi
  A death knight (D:13)
  4 radroaches (Spider:4)
  15 two-headed ogres
  7 death scarabs (Spider:4)
  10 alligators
  A tengu warrior (D:10)
  21 death yaks
  3 thrashing horrors (Lair:5)
  A spectral emperor scorpion (Spider:4)
  Urug (D:13)
  10 pharaoh ants
  6 goliath frogs
  3 skeletal warriors (D:15)
  3 sun moths
  8 orb spiders
  A spriggan druid (Swamp:1)
  11 swamp dragons
  14 bog bodies
  8 steelbarb worms
  A lindwurm (D:13)
  An orc knight (Orc:2)
  7 spectral wolf spiders (Spider:4)
  A necromancer (D:13)
  A spectral jorogumo (Spider:4)
  4 deep elf pyromancers
  A deep elf zephyrmancer (Elf:1)
  3 wolf spider zombies (Spider:4)
  16 slime creatures
  20 wolf spiders
  7 cyclopes
  7 manticores
  A salamander (shapeshifter) (D:15)
  6 ugly things
  Maurice (D:8)
  6 will-o-the-wisps
  6 moths of wrath
  3 black mambas
  2 smoke demons (Lair:5)
  A guardian serpent (shapeshifter) (Lair:5)
  8 cane toads
  4 torpor snails
  6 unseen horrors
  A spectral redback (Spider:4)
  A kobold demonologist (D:10)
  A rime drake (Lair:4)
  7 demonic crawlers
  2 komodo dragons
  3 ancient zymes (Lair:5)
  9 trolls
  A bloated husk (Swamp:1)
  3 polar bears
  12 tyrant leeches
  A hornet (shapeshifter) (D:13)
  6 hornets
  2 spectral jumping spiders (Spider:4)
  3 wolf spider simulacra (Spider:4)
  4 spectral tarantellas (Spider:4)
  26 tarantellas
  31 blink frogs
  A spectral culicivora (Spider:4)
  A tarantella zombie (Spider:4)
  A culicivora zombie (Spider:4)
  10 dream sheep
  24 jumping spiders
  A jumping spider (shapeshifter) (Lair:5)
  2 large abominations (Lair:5)
  18 culicivoras
  7 spriggans
  A shapeshifter (Lair:4)
  A centaur simulacrum (D:15)
  3 wyverns
  5 fire bats (Volcano)
  3 hogs (Spider:2)
  A human (D:14)
  43 yaks
  A wraith (D:10)
  A ynoxinul (Volcano)
  6 basilisks
  8 vampire mosquitoes
  3 fire elementals (Volcano)
  3 chaos spawn (Lair:5)
  38 redbacks
  7 wargs
  Edmund (D:5)
  14 swamp worms
  3 acid dragons
  13 water moccasins
  2 sky beasts (D:8)
  24 orc warriors
  2 ice beasts (D:5)
  38 ogres
  A black bear (D:6)
  9 swamp drakes
  15 wolves
  2 phantoms
  2 centaurs (D:9)
  10 small abominations (Lair:5)
  2 earth elementals (Volcano)
  4 kobold brigands
  8 bullfrogs
  2 gnoll sergeants
  A necrophage (D:8)
  Blork the orc (D:6)
  3 wyvern zombies (Ossuary)
  5 wights
  3 water moccasin zombies (Ossuary)
  A hornet simulacrum (D:15)
  12 killer bees
  4 howler monkeys
  A crimson imp (D:14)
  3 centaur zombies (Ossuary)
  5 lava snakes (Volcano)
  7 bullfrog zombies (Ossuary)
  19 orc priests
  4 hounds
  5 jellies
  12 mummies (Ossuary)
  A gnoll bouda (D:8)
  4 iguanas
  Natasha (thrice) (D:3)
  21 orc wizards
  A killer bee zombie (Ossuary)
  Robin (D:3)
  A howler monkey zombie (Ossuary)
  16 gnolls
  7 adders
  A shadow imp (D:7)
  An ufetubus (D:6)
  A worm (D:3)
  3 dart slugs
  69 orcs
  10 ball pythons
  5 bats
  2 endoplasms
  3 giant cockroaches
  24 goblins
  6 hobgoblins
  2 jackals (D:2)
  3 quokkas
  6 frilled lizards
  20 kobolds
  2 rats (D:1)
1074 creatures vanquished.

Vanquished Creatures (collateral kills)
  Arachne (Spider:3)
  A boulder beetle (Lair:4)
  A catoblepas (Lair:4)
  A death yak (D:9)
  A wolf spider (Lair:3)
  A fire bat (Volcano)
  2 wolves (Lair:1)
8 creatures vanquished.

Vanquished Creatures (others)
  A bloated husk (Swamp:2)
  2 foxfires (Swamp:4)
  31 fungi
  65 plants
  7 withered plants (Ossuary)
106 creatures vanquished.

Grand Total: 1188 creatures vanquished

Notes
Turn   | Place    | Note
-------+----------+-------------------------------------------
     0 | D:1      | warriortoast the Spriggan Hunter began the quest for the
                  | Orb.
     0 | D:1      | Reached XP level 1. HP: 10/10 MP: 2/2
   278 | D:1      | Reached XP level 2. HP: 15/15 MP: 3/3
   398 | D:1      | Found a faded altar of an unknown god.
   483 | D:1      | You fall into a shaft and drop 1 floor!
   803 | D:2      | Reached XP level 3. HP: 18/18 MP: 4/4
   832 | D:2      | Found Fompukiutz's Assorted Antiques.
   840 | D:2      | Bought 2 yellow potions for 48 gold pieces
   866 | D:2      | Found Buzufock's Magic Scroll Shoppe.
   878 | D:2      | Bought a bubbling sapphire potion for 24 gold pieces
  1108 | D:3      | Noticed Robin
  1474 | D:3      | Reached XP level 4. HP: 23/23 MP: 5/5
  2007 | D:3      | Noticed Natasha
  2027 | D:3      | Killed Natasha
  2063 | D:3      | Killed Robin
  2374 | D:3      | Noticed Natasha
  2415 | D:3      | Killed Natasha
  2416 | D:3      | Reached XP level 5. HP: 27/27 MP: 6/6
  2519 | D:3      | Noticed Natasha
  2523 | D:3      | Killed Natasha
  2576 | D:3      | Found an ancient bone altar of Kikubaaqudgha.
  2767 | D:2      | Bought a scroll of teleportation for 30 gold pieces
  2767 | D:2      | Bought a scroll of identify for 20 gold pieces
  2786 | D:4      | Found an ornate altar of the Wu Jian Council.
  2786 | D:4      | Found a sacrificial altar of Ru.
  3147 | D:4      | Found a radiant altar of Vehumet.
  3181 | D:4      | Noticed a water moccasin
  3618 | D:4      | Reached skill level 5 in Ranged Weapons
  3618 | D:4      | Reached XP level 6. HP: 32/32 MP: 7/7
  3827 | D:4      | Killed a water moccasin
  3828 | D:4      | Reached skill level 5 in Dodging
  3828 | D:4      | Reached skill level 5 in Stealth
  4502 | D:5      | Entered Level 5 of the Dungeon
  4511 | D:5      | Found a sand-covered staircase.
  4530 | Ossuary  | Entered an ossuary
  4588 | Ossuary  | Reached XP level 7. HP: 20/36 MP: 3/8
  4633 | Ossuary  | Gained mutation: You have large cloven feet. [potion of
                  | mutation]
  4633 | Ossuary  | Gained mutation: You are covered in fur. (AC +1) [potion of
                  | mutation]
  4786 | Ossuary  | Reached skill level 6 in Ranged Weapons
  5128 | Ossuary  | Reached XP level 8. HP: 21/42 MP: 4/9
  6528 | D:5      | Reached skill level 5 in Fighting
  6528 | D:5      | Reached skill level 7 in Ranged Weapons
  6641 | D:5      | Noticed Edmund
  6933 | D:5      | Killed Edmund
  6934 | D:5      | Reached XP level 9. HP: 47/47 MP: 10/10
  7765 | D:6      | Noticed Blork the orc
  7806 | D:5      | Reached skill level 10 in Stealth
  8154 | D:5      | Reached skill level 8 in Ranged Weapons
  8634 | D:6      | Killed Blork the orc
  8662 | D:6      | Reached skill level 10 in Dodging
  8795 | D:6      | Identified the +2 mace of Lies {drain, Fragile rPois Dex+5}
  8847 | D:6      | Reached skill level 9 in Ranged Weapons
  8995 | D:7      | Found a staircase to the Ecumenical Temple.
  9003 | Temple   | Entered the Ecumenical Temple
  9003 | Temple   | Found a transporter.
  9003 | Temple   | Found a transporter.
  9005 | Temple   | Found a transporter.
  9005 | Temple   | Found a transporter.
  9024 | Temple   | Became a worshipper of Fedhas Madash
  9175 | D:7      | Found an opulent altar of Gozag.
 10214 | D:8      | Noticed an eight-headed hydra
 10290 | D:7      | Killed an eight-headed hydra
 10291 | D:7      | Reached skill level 10 in Ranged Weapons
 10291 | D:7      | Reached XP level 10. HP: 48/51 MP: 11/11
 10389 | D:8      | Identified the +5 short sword of Jaquxku {spect, rElec
                  | Will+}
 10433 | D:8      | Noticed Maurice
 10632 | D:8      | Killed Maurice
 10632 | D:8      | Reached * piety under Fedhas
 10685 | D:8      | Reached skill level 11 in Ranged Weapons
 10717 | D:8      | Found a basalt altar of Yredelemnul.
 11373 | D:8      | Reached skill level 12 in Ranged Weapons
 11729 | D:9      | Noticed a death yak
 11730 | D:9      | Noticed a death yak
 11764 | D:9      | Noticed a death yak
 11765 | D:9      | Noticed a death yak
 11766 | D:9      | Noticed a death yak
 11767 | D:9      | Noticed a death yak
 11767 | D:9      | Noticed a death yak
 11923 | D:8      | Killed a death yak
 12166 | D:9      | Reached skill level 13 in Ranged Weapons
 12298 | D:9      | Found a staircase to the Lair.
 12385 | D:9      | Noticed a death yak
 13151 | D:9      | Noticed a two-headed ogre
 13185 | D:9      | Reached ** piety under Fedhas
 13328 | D:9      | Killed a death yak
 13329 | D:9      | Reached XP level 11. HP: 55/55 MP: 12/12
 13403 | D:9      | Killed a death yak
 13476 | D:9      | Identified the +5 long sword of Certain Death {freeze,
                  | Contam rCorr SInv}
 13566 | D:9      | Killed a two-headed ogre
 13567 | D:9      | Reached skill level 14 in Ranged Weapons
 13934 | D:10     | Entered Level 10 of the Dungeon
 13996 | D:10     | Noticed a sun demon
 14186 | D:10     | Found a stormy altar of Qazlal.
 14709 | D:10     | Noticed a tengu warrior
 14900 | D:10     | Killed a tengu warrior
 15302 | Lair:1   | Entered Level 1 of the Lair of Beasts
 15313 | Lair:1   | Reached skill level 15 in Ranged Weapons
 15357 | Lair:1   | Found a runed translucent gate.
 15357 | Lair:1   | Found a runed translucent gate.
 15357 | Lair:1   | Found a runed translucent gate.
 15358 | Lair:1   | Noticed a glowing orange brain
 15407 | Lair:1   | Found a dark tunnel.
 15412 | Volcano  | Entered a volcano
 15971 | Volcano  | Noticed a stone giant
 16115 | Volcano  | Found a bloodstained altar of Trog.
 16140 | Volcano  | Found a burning altar of Makhleb.
 16796 | Lair:1   | Noticed llahlahkje's ghost (journeyman DsFi)
 16878 | Lair:1   | Found a viscous altar of Jiyva.
 17040 | Lair:1   | Reached XP level 12. HP: 35/62 MP: 13/13
 17204 | Lair:2   | Reached *** piety under Fedhas
 17243 | Lair:2   | Noticed an eight-headed hydra
 17263 | Lair:2   | Killed an eight-headed hydra
 17369 | Lair:2   | Reached skill level 16 in Ranged Weapons
 17438 | Lair:2   | HP: 3/63 [cane toad (1)]
 18429 | D:11     | Found a staircase to the Orcish Mines.
 18490 | D:11     | Noticed Erolcha
 18905 | D:11     | Killed Erolcha
 19041 | D:11     | Reached **** piety under Fedhas
 20376 | D:12     | Identified the +1 leather armour of Moral Flaws {Rampage
                  | *Corrode rElec rPois}
 20600 | D:12     | Noticed Jorgrun
 20788 | D:12     | Reached skill level 10 in Fighting
 20836 | D:12     | Reached skill level 1 in Invocations
 21874 | D:13     | Reached ***** piety under Fedhas
 21875 | D:13     | Reached XP level 13. HP: 72/72 MP: 15/15
 21936 | D:13     | Noticed Urug
 21955 | D:13     | Killed Urug
 22480 | Lair:2   | Found a staircase to the Swamp.
 24468 | Lair:3   | Found a hole to the Spider Nest.
 24857 | Lair:3   | Reached skill level 5 in Invocations
 25244 | Lair:4   | Reached skill level 1 in Spellcasting
 25244 | Lair:4   | Reached skill level 1 in Hexes
 25967 | Lair:4   | Found a staircase to the Slime Pits.
 25977 | Lair:4   | Found a viscous altar of Jiyva.
 26090 | Lair:4   | Identified the +1 leather armour "Otuirph" {+Blink +Inv
                  | rElec Str-4}
 26362 | Lair:5   | Entered Level 5 of the Lair of Beasts
 27087 | Lair:4   | Reached XP level 14. HP: 77/77 MP: 21/21
 27651 | Orc:1    | Entered Level 1 of the Orcish Mines
 28037 | Orc:1    | You fall into a shaft and drop 1 floor!
 28037 | Orc:2    | Entered Level 2 of the Orcish Mines
 28037 | Orc:2    | Found a staircase to the Elven Halls.
 28251 | Orc:1    | Reached skill level 5 in Spellcasting
 28775 | Orc:2    | Noticed an orc warlord
 28787 | Orc:1    | Reached skill level 5 in Hexes
 29345 | Orc:2    | Killed an orc warlord
 30063 | Orc:2    | Reached skill level 15 in Stealth
 30168 | Orc:2    | Found Kaaqapoq's Magic Scroll Shop.
 30169 | Orc:2    | Found Suonal's Armour Emporium.
 30169 | Orc:2    | Found Zaekoj's Jewellery Shop.
 30169 | Orc:2    | Found Radem's Antique Weapon Shoppe.
 30180 | Orc:2    | Bought the amulet of Wuetzem {Reflect rN+ Regen+ Dex+4
                  | SH+5} for 744 gold pieces
 30780 | Lair:5   | Reached ****** piety under Fedhas
 30908 | Lair:5   | Reached XP level 15. HP: 80/80 MP: 25/27
 31787 | Lair:5   | Found a corrupted altar of Lugonu.
 31787 | Lair:5   | Found a one-way gate to the infinite horrors of the Abyss.
 32750 | Lair:1   | Killed llahlahkje's ghost
 33052 | D:13     | Reached skill level 15 in Dodging
 33098 | D:13     | Found a gate to the Vaults.
 33589 | D:14     | Noticed Nessos
 33593 | D:14     | Killed Nessos
 33652 | D:14     | Reached skill level 17 in Ranged Weapons
 33682 | D:14     | Found an iron altar of Okawaru.
 33692 | D:14     | Noticed Louise
 34083 | Orc:2    | Bought a scroll of blinking for 105 gold pieces
 34083 | Orc:2    | Bought a scroll of magic mapping for 105 gold pieces
 34083 | Orc:2    | Bought a scroll of teleportation for 42 gold pieces
 34083 | Orc:2    | Bought a scroll of silence for 133 gold pieces
 34261 | D:14     | Killed Louise
 34425 | D:15     | Entered Level 15 of the Dungeon
 34915 | D:15     | Found a broken altar of Ashenzari.
 35202 | D:15     | Found a staircase to the Depths.
 35213 | D:15     | Reached skill level 10 in Spellcasting
 35684 | D:12     | Killed Jorgrun
 35685 | D:12     | Reached skill level 10 in Hexes
 35685 | D:12     | Reached XP level 16. HP: 22/85 MP: 31/31
 35987 | Swamp:1  | Entered Level 1 of the Swamp
 36003 | Swamp:1  | Reached skill level 10 in Invocations
 37970 | Swamp:2  | Learned a level 4 spell: Cause Fear
 37976 | Swamp:2  | Learned a level 5 spell: Silence
 37984 | Swamp:2  | Learned a level 7 spell: Enfeeble
 38144 | Swamp:2  | Reached skill level 1 in Air Magic
 39166 | Swamp:4  | Entered Level 4 of the Swamp
 39250 | Swamp:4  | Reached skill level 18 in Ranged Weapons
 39970 | Swamp:4  | Noticed the 27-headed Lernaean hydra
 40005 | Swamp:4  | Reached XP level 17. HP: 89/89 MP: 34/34
 40651 | Swamp:4  | Killed the 27-headed Lernaean hydra
 40652 | Swamp:4  | Reached skill level 5 in Air Magic
 40689 | Swamp:4  | Got a decaying rune of Zot
 40715 | Swamp:4  | Identified the +2 rapier of the Countless Wishes {flame,
                  | rC+ Str+3}
 40966 | Spider:1 | Entered Level 1 of the Spider Nest
 41856 | Spider:2 | Noticed Agnes
 41869 | Spider:2 | Killed Agnes
 41874 | Spider:2 | Noticed Kirke
 41880 | Spider:2 | Killed Kirke
 42773 | Spider:2 | Noticed Mlioglotl
 42798 | Spider:2 | Killed Mlioglotl
 43650 | Spider:3 | Noticed Bai Suzhen
 44131 | Spider:3 | Reached skill level 15 in Spellcasting
 44131 | Spider:3 | Reached skill level 15 in Hexes
 44185 | Spider:3 | Learned a level 8 spell: Discord
 44307 | Spider:3 | Killed Bai Suzhen
 44308 | Spider:3 | Reached skill level 1 in Evocations
 44423 | Spider:3 | Noticed Arachne
 44460 | Spider:3 | Killed Arachne
 44903 | Spider:4 | Entered Level 4 of the Spider Nest
 44903 | Spider:4 | Noticed Asterion
 44957 | Spider:4 | Killed Asterion
 45228 | Spider:4 | Reached XP level 18. HP: 51/94 MP: 38/38
 45333 | Spider:4 | Noticed Donald
 45520 | Spider:3 | Killed Donald
 46752 | Spider:4 | Reached skill level 5 in Evocations
 46805 | Spider:4 | Noticed Mara
 46814 | Spider:4 | Killed Mara
 47521 | Spider:4 | Got a gossamer rune of Zot
 47863 | Elf:1    | Entered Level 1 of the Elven Halls
 47872 | Orc:2    | HP: 2/95 [+0 war axe of electrocution (11)]
 47872 | Orc:2    | Demolished by a +0 war axe of electrocution

Illustrated notes

Levels and vault maps discovered:
D:1:      minmay_arrival_shoal_huts, layout_basic,
          chequers_ecumenical_altar_simple_redux, minmay_tetromino_t2
D:2:      layout_rooms, serial_shops, shop, shop_statue
D:3:      layout_basic, mainiacjoe_overflow_concentric_impassable, uniq_robin,
          uniq_natasha
D:4:      layout_rooms, nicolae_vehumet_altar_sigil,
          chequers_temple_overflow_statue_of_worship
D:5:      layout_loops_ring, enter_ossuary_1, minmay_ogre_servants, uniq_edmund
D:6:      layout_basic, uniq_blork_the_orc
D:7:      minmay_klotski, layout_rooms, grunt_gozag_breadcrumbs,
          minmay_temple_entry_statues_fountains, serial_curves, eino_curves_02,
          eino_curves_01, eino_curves_02, moated_statue, minmay_quadrilaterals
D:8:      layout_cave_pods, lemuel_doored_altar, uniq_maurice
D:9:      layout_loops_corners, dpeg_lair_monsters
D:10:     layout_roguey, grunt_qazlal_sundering,
          minmay_fractal_squares_gapless_7
D:11:     layout_layer_cave, minmay_orc_entry_temple_large,
          minmay_increasing_density, uniq_erolcha
D:12:     layout_basic, uniq_jorgrun
D:13:     minmay_ornate_pinched, layout_gridville, david_vaults_4, serial_glass,
          glass_columns_b, glass_columns_b, uniq_urug
D:14:     layout_basic, okawaru_gym_becter, hangedman_stone_soup, uniq_louise,
          uniq_nessos
D:15:     grunt_enter_depths_giant_problem, layout_basic,
          ebering_dispersal_statue_hall, minivault_23,
          ashenzari_conservatory_becter
Temple:   hellmonk_temple_divided_pantheon
Lair:1:   layout_regular_city, gammafunk_ghost_ooze, enter_volcano_4,
          evilmike_ambush [evilmike_ambush_outer_basic,
          evilmike_ambush_inner_basic]
Lair:2:   layout_long_grid, skrybe_swamp_entry_bodies
Lair:3:   layout_gridlike, spider_nest_entry_funnel_web, grunt_megastairs_1
Lair:4:   layout_gridlike, slime_entry_1, minmay_lair_oklob_bushes
Lair:5:   hellmonk_lair_end_abyssal_woods, layout_small_grid,
          nzn_sisyphean_effort, grunt_megastairs_5
Swamp:1:  layout_basic_swamp, evilmike_swamp_ruin_rubble_1
Swamp:2:  layout_basic_swamp, serial_swamp_ruin, evilmike_swamp_ruin_house_5,
          evilmike_swamp_ruin_house_2
Swamp:3:  layout_basic_swamp, hangedman_swamp_diagram
Swamp:4:  grunt_swamp_rune_castle, layout_basic_swamp, swamp_pool1
Spider:1: layout_spider_delve
Spider:2: layout_spider_delve, uniq_mlioglotl, uniq_agnes, uniq_kirke
Spider:3: layout_spider_delve, uniq_bai_suzhen, uniq_arachne
Spider:4: floodkiller_spider_rune_tomb, nicolae_spider_undead_wolf_pack,
          uniq_asterion, uniq_donald, uniq_mara
Orc:1:    layout_caves
Orc:2:    st_orc_ogre_mass, layout_diamond_mine, nooodl_orcs_dogs
Elf:1:    minmay_elf_arrival_circle, layout_gridlike, minmay_elf_annihilation

Skill      XL: |  1  2  3  4  5  6  7  8  9 10 11 12 13 14 15 16 17 18 |
---------------+-------------------------------------------------------+-----
Stealth        | 2 3 4 5 7 9 10 13 15 16 | 16.6
Dodging        | 3 4 5 6 8 10 12 14 15 16 | 16.1
Fighting       | 2 3 4 5 6 10 | 10.8
Ranged Weapons | 5 6 7 10 13 15 16 17 18 | 18.0
Invocations    | 2 6 8 9 10 11 | 11.1
Spellcasting   | 4 7 10 12 15 | 15.0
Hexes          | 4 7 10 12 15 16 | 16.0
Air Magic      | 4 5 |  5.0
Evocations     | 3 6 |  6.0

Action                   |  1- 3 |  4- 6 |  7- 9 | 10-12 | 13-15 | 16-18 || total
-------------------------+-------+-------+-------+-------+-------+-------++-------
Melee: Shortbow          |       |     2 |       |       |       |       ||     2
       Short sword       |       |       |   133 |       |       |       ||   133
       Kick              |       |       |    47 |       |       |       ||    47
       Punch             |       |       |     3 |       |       |       ||     3
 Fire: Shortbow          |    94 |   193 |   485 |  1466 |   861 |       ||  3099
       Arbalest          |       |       |       |       |   754 |  1325 ||  2079
 Cast: Silence           |       |       |       |       |       |     1 ||     1
       Enfeeble          |       |       |       |       |       |     1 ||     1
Invok: Wall of Briars    |       |       |       |     6 |    13 |     3 ||    22
       Overgrow          |       |       |       |       |     1 |       ||     1
Evoke: Wand              |       |       |       |     7 |     4 |       ||    11
  Use: Scroll            |       |     4 |    11 |    18 |    15 |     6 ||    54
       Potion            |       |     3 |     3 |     4 |       |     8 ||    18
Armor: Robe              |     2 |    14 |    13 |    19 |    20 |    33 ||   101
       Skin              |       |       |       |     4 |       |     4 ||     8
Dodge: Dodged            |    11 |   108 |   275 |   500 |   508 |  1016 ||  2418
       Repelled          |       |       |       |       |       |    11 ||    11
Block: Other             |       |       |       |       |    49 |   151 ||   200
       Reflection        |       |       |       |       |     1 |     1 ||     2
